 Seeded DCSS version 0.31-a0-667-g39726597b9 (webtiles) character file.

Game seed: 8226958467842168542 (custom seed)

112 demibob the Slicer (level 4, 41/41 HPs)
             Began as a Gnoll Wanderer on Sept 3, 2023.
             Quit the game on level 2 of the Dungeon.
             The game lasted 00:01:28 (1341 turns).

demibob the Slicer (Gnoll Wanderer)                 Turns: 1341, Time: 00:01:29

Health: 41/41      AC:  3    Str:  9    XL:     4   Next: 95%
Magic:  5/5        EV: 11    Int:  8    God:
Gold:   86         SH:  0    Dex: 19    Spells: 5/5 levels left

rFire   . . .        a - +3 short sword
rCold   . . .        (no shield)
rNeg    . . .        e - +0 leather armour
rPois   .            (no helmet)
rElec   .            (no cloak)
rCorr   .            (no gloves)
SInv    .            (no boots)
Will    .....        (no amulet)
Stlth   ++           (no ring)
HPRegen 0.26/turn    (no ring)
MPRegen 0.09/turn

%: no passive effects
@: no status effects
A: fangs 1, strong nose, distributed training
a: no special abilities


You were on level 2 of the Dungeon.
You visited 1 branch of the dungeon, and saw 2 of its levels.

You collected 86 gold pieces.


Innate Abilities, Weirdness & Mutations

You have very sharp teeth.
Your uncanny sense of smell can sniff out nearby items.
Your experience applies equally to all skills.


   Skills:
 + Level 6.6 Fighting
 + Level 10.5 Short Blades
 + Level 1.3 Long Blades
 + Level 1.3 Axes
 + Level 1.3 Maces & Flails
 + Level 1.3 Polearms
 + Level 1.3 Staves
 + Level 1.3 Ranged Weapons
 + Level 2.8 Throwing
 + Level 1.3 Armour
 + Level 1.3 Dodging
 + Level 2.6 Stealth
 + Level 1.3 Shields
 + Level 1.3 Unarmed Combat
 + Level 1.3 Spellcasting
 + Level 1.0 Conjurations
 + Level 1.0 Hexes
 + Level 1.0 Summonings
 + Level 1.0 Necromancy
 + Level 1.0 Translocations
 + Level 1.0 Transmutations
 + Level 1.0 Fire Magic
 + Level 1.0 Ice Magic
 + Level 1.0 Air Magic
 + Level 1.0 Earth Magic
 + Level 1.0 Poison Magic
 + Level 1.4 Invocations
 + Level 1.3 Evocations
 + Level 1.2 Shapeshifting


You had 5 spell levels left.
You didn't know any spells.
Your spell library contained the following spells:

 Spells                   Type           Power      Damage    Failure   Level
 Sandblast                Erth           4%         2d4       34%         1
 Passwall                 Tmut/Erth      1%         N/A       45%         2
 Hailstorm                Conj/Ice       2%         3d3       71%         3
 Stone Arrow              Conj/Erth      4%         3d7       71%         3
 Summon Ice Beast         Ice/Summ       2%         N/A       98%         4
 Simulacrum               Ice/Necr       1%         N/A       100%        6

Inventory:

Hand Weapons
 a - a +3 short sword (weapon)
 c - a +0 dagger
Missiles
 b - 9 boomerangs (quivered)
Armour
 e - a +0 leather armour (worn)
 i - a +0 helmet
Magical Staves
 p - a staff of earth {!a}
Scrolls
 g - a scroll of blinking {unknown}
 j - 2 scrolls of amnesia {unknown}
 k - 3 scrolls of identify {unknown}
 l - 2 scrolls of teleportation {unknown}
 n - a scroll of acquirement
Potions
 d - a potion of brilliance
 f - a potion of heal wounds {unknown}
 h - 3 potions of curing {unknown}
 m - a potion of mutation {unknown}
 o - a potion of lignification {unknown}

Dungeon Overview and Level Annotations

Branches:
Dungeon (2/15)

Altars:

.##.........#.#.#.#####.#
.##.###.#####.#.#.......#
..............#.#..######
....###.).......#..###
.#### ###########....# ##
#)....#.# #.#####.####
#.### #....# #..@# ####.#
###.# ####.# #.# #....#
#.# #.#### #.# #.#
#.###.# #.....# #######


There were no monsters in sight!


Message History

There is an open door here.
A quokka comes into view.
A quokka is nearby!
A quokka is nearby!
A quokka is nearby!
A quokka is nearby!
Unknown command.
The quokka bites you but does no damage.
You hit the quokka.
You kill the quokka!
No target in view!
No target in view!
No target in view!
No target in view!
No target in view!
No target in view!
No target in view!
No target in view!
No target in view!
No target in view!
Found a stone staircase leading up.
Found a short sword.
Done exploring.
Done exploring.
Done exploring.
Done exploring.
Done exploring.
This is a scroll of acquirement!
Something appears at your feet!
Are you sure you want to abandon this character and quit the game? (Confirm with "yes".)

Skill      XL: |  1  2  3  4 |
---------------+-------------+-----
Short Blades   | | 10.5
Invocations    | 1 |  1.4
Long Blades    | 1 |  1.3
Axes           | 1 |  1.3
Maces & Flails | 1 |  1.3
Polearms       | 1 |  1.3
Staves         | 1 |  1.3
Ranged Weapons | 1 |  1.3
Armour         | 1 |  1.3
Dodging        | 1 |  1.3
Shields        | 1 |  1.3
Unarmed Combat | 1 |  1.3
Spellcasting   | 1 |  1.3
Evocations     | 1 |  1.3
Shapeshifting  | 1 |  1.2
Conjurations   | 1 |  1.0
Hexes          | 1 |  1.0
Summonings     | 1 |  1.0
Necromancy     | 1 |  1.0
Translocations | 1 |  1.0
Transmutations | 1 |  1.0
Fire Magic     | 1 |  1.0
Ice Magic      | 1 |  1.0
Air Magic      | 1 |  1.0
Earth Magic    | 1 |  1.0
Poison Magic   | 1 |  1.0
Fighting       | |  6.6
Throwing       | |  2.8
Stealth        | |  2.6

Action                     |  1- 3 |  4- 6 || total
---------------------------+-------+-------++-------
  Melee: Short sword       |   115 |    54 ||   169
         Bite              |     9 |     1 ||    10
         Punch             |     1 |     1 ||     2
    Use: Scroll            |       |     1 ||     1
   Stab: Sleeping          |     2 |     7 ||     9
         Distracted        |       |     1 ||     1
 Armour: Leather armour    |    35 |    20 ||    55
  Dodge: Dodged            |    50 |    11 ||    61

Levels and vault maps discovered:
D:1:      psy_arrival_statuary, layout_rooms
D:2:      layout_basic, uniq_robin

Notes
Turn   | Place    | Note
-------+----------+-------------------------------------------
     0 | D:1      | Reached skill level 10 in Short Blades
     0 | D:1      | demibob the Gnoll Wanderer began the quest for the Orb.
     0 | D:1      | demibob set off with the following items: a +3 short sword,
                  | 9 boomerangs, a +0 dagger, a potion of brilliance, a +0
                  | leather armour.
     0 | D:1      | Reached XP level 1. HP: 23/23 MP: 1/1
    92 | D:1      | Reached XP level 2. HP: 25/29 MP: 2/2
   193 | D:1      | Reached XP level 3. HP: 28/35 MP: 3/3
   310 | D:1      | Reached skill level 1 in Invocations
   486 | D:2      | Noticed Robin
   506 | D:2      | Reached skill level 1 in Long Blades
   506 | D:2      | Reached skill level 1 in Axes
   506 | D:2      | Reached skill level 1 in Maces & Flails
   506 | D:2      | Reached skill level 1 in Polearms
   506 | D:2      | Reached skill level 1 in Staves
   506 | D:2      | Reached skill level 1 in Ranged Weapons
   506 | D:2      | Reached skill level 1 in Armour
   506 | D:2      | Reached skill level 1 in Dodging
   506 | D:2      | Reached skill level 1 in Shields
   506 | D:2      | Reached skill level 1 in Unarmed Combat
   506 | D:2      | Reached skill level 1 in Spellcasting
   506 | D:2      | Reached skill level 1 in Evocations
   529 | D:2      | Killed Robin
   530 | D:2      | Reached skill level 1 in Shapeshifting
   530 | D:2      | Reached XP level 4. HP: 27/41 MP: 5/5
   782 | D:2      | Reached skill level 1 in Conjurations
   782 | D:2      | Reached skill level 1 in Hexes
   782 | D:2      | Reached skill level 1 in Summonings
   782 | D:2      | Reached skill level 1 in Necromancy
   782 | D:2      | Reached skill level 1 in Translocations
   782 | D:2      | Reached skill level 1 in Transmutations
   782 | D:2      | Reached skill level 1 in Fire Magic
   782 | D:2      | Reached skill level 1 in Ice Magic
   782 | D:2      | Reached skill level 1 in Air Magic
   782 | D:2      | Reached skill level 1 in Earth Magic
   782 | D:2      | Reached skill level 1 in Poison Magic
  1340 | D:2      | Identified 2 scrolls of acquirement
  1340 | D:2      | Acquired 1152 gold pieces
  1341 | D:2      | Quit the game

Vanquished Creatures
  Robin (D:2)
  2 adders (D:2)
  A gnoll (D:1)
  2 worms (D:2)
  5 ball pythons
  2 bats (D:1)
  4 endoplasms
  14 goblins
  6 hobgoblins
  11 jackals
  3 quokkas
  A frilled lizard (D:2)
  2 kobolds (D:1)
  8 rats
62 creatures vanquished.

Table legend: (Time is in decaauts)
 A = Elapsed time spent in this place.
 B = Non-inter-level travel time spent in this place.
 C = Inter-level travel time spent in this place.
 D = Time resting spent in this place.
 E = Time spent auto-exploring this place.
 F = Levels seen in this place.
 G = Mean time per level.
                   A        B        C        D        E       F      G
               +--------+--------+--------+--------+--------+-----+--------+
         Total |   1256 |   1251 |      5 |      3 |   1024 |   2 |  628.0 |
       Dungeon |   1256 |   1251 |      5 |      3 |   1024 |   2 |  628.0 |
               +--------+--------+--------+--------+--------+-----+--------+

Top non-repeatable levels by time:
     D:2: 823 daAuts
     D:1: 432 daAuts

Table legend:
 A = Non-vault XP
 B = Vault XP
 C = Vault XP percentage of total XP
 D = Non-vault monster count
 E = Vault monster count
 F = Vault count percentage of total count
                 A         B        C        D         E       F
            +---------+---------+-------+---------+---------+-------
      Total |     127 |      34 |  21.1 |      50 |      12 |  19.4
            +---------+---------+-------+---------+---------+-------
        D:1 |      56 |       0 |   0.0 |      26 |       0 |   0.0
        D:2 |      71 |      34 |  32.4 |      24 |      12 |  33.3
            +---------+---------+-------+---------+---------+-------
